 Dungeon Crawl Stone Soup version 0.22-a0-558-gc224181 (webtiles) character file.

104 vishdafish the Skirmisher (level 4, -2/55 HPs)
             Began as a Demonspawn Berserker on June 26, 2018.
             Was a Believer of Trog.
             Slain by an orc
             ... wielding a +0 morningstar
              (5 damage)
             ... on level 2 of the Dungeon.
             The game lasted 00:03:38 (1703 turns).

vishdafish the Skirmisher (Demonspawn Berserker)    Turns: 1703, Time: 00:03:39

Health: -2/55      AC:  3    Str: 22    XL:     4   Next: 52%
Magic:  4/4        EV: 12    Int: 10    God:    Trog [**....]
Gold:   56         SH:  5    Dex: 12    Spells: 3/3 levels left

rFire    . . .     SeeInvis .   a - +0 spear
rCold    . . .     Gourm    .   d - +2 buckler
rNeg     . . .     Faith    .   b - +0 animal skin
rPois    .         Spirit   .   (helmet restricted)
rElec    .         Reflect  .   (no cloak)
rCorr    .         Harm     .   e - +0 pair of gloves
MR       .....                  (no boots)
Stlth    ..........             (no amulet)
HPRegen  0.58/turn              (no ring)
MPRegen  0.09/turn              (no ring)

@: berserking, very quick
A: horns 1, talons 2, powered by death 1, regeneration 1
a: Berserk, Trog's Hand, Renounce Religion


You were on level 2 of the Dungeon.
You worshipped Trog.
Trog was pleased with you.
You were near starving.

You visited 1 branch of the dungeon, and saw 3 of its levels.

You collected 56 gold pieces.

Inventory:

Hand Weapons
 a - a +0 spear (weapon)
Armour
 b - a +0 animal skin (worn)
 d - a +2 buckler (worn)
 e - a +0 pair of gloves (worn)
Scrolls
 g - a scroll of immolation {unknown}
 j - 3 scrolls of remove curse
 k - a scroll of blinking
Potions
 f - 3 potions of mutation
 i - a potion of curing
Comestibles
 c - 7 rations
 h - a chunk of flesh


   Skills:
 + Level 3.8 Fighting
 + Level 3.4 Polearms
 + Level 2.3 Armour
 + Level 2.4 Dodging
 - Level 0.1 Stealth
 * Level 0.5 Shields


You had 3 spell levels left.
You didn't know any spells.
Your spell library was empty.

Dungeon Overview and Level Annotations

Branches:
Dungeon (3/15)

Altars:
Vehumet


Innate Abilities, Weirdness & Mutations

You have razor-sharp toenails.
You regenerate a little health from kills.
You have a pair of small horns on your head.
Your natural rate of healing is unusually fast.


Message History

There is a stone staircase leading up, spattered with blood here.
The orc hits you with a morningstar!
You climb upwards.
There is a stone staircase leading down, spattered with blood here.
You are too injured to fight recklessly!
You are too injured to fight recklessly!
You are too injured to fight recklessly!
You are too injured to fight recklessly!
You are too injured to fight recklessly!
A red film seems to cover your vision as you go berserk!
You feel yourself moving faster!
You feel mighty!
You are near starving!
The orc closely misses you. The orc hits you with a morningstar!
* * * LOW HITPOINT WARNING * * *
You hit the orc but do no damage. Your kick misses the orc.
The orc hits you with a club.
* * * LOW HITPOINT WARNING * * *
You are too berserk!
You closely miss the orc. The orc hits you with a morningstar.
You die...

#..##...#..# #.# #...#
#..##......# #.# ###.#
#..........### #.# #.#
##.#....#..#.###.# ##.##
#####..#.#.#.....##.#########.#^#
.............................###.
######.#.#.......##.#########.#.#
# ##...#.###o###.# ##.## #
##....# #.@†..## ### #
####.###†)o...# # #.....###.## #
###....##.# # #####.##.# #
##.###.##.# ###########.#.....#.#
...........###.#..#.#
.###.######.#.##..#.###


You could see 2 orcs.

Vanquished Creatures
  3 adders (D:2)
  An ooze (D:2)
  A dart slug (D:2)
  2 worms (D:2)
  2 leopard geckos
  An orc (D:2)
  A ball python (D:2)
  4 giant cockroaches
  8 goblins
  11 hobgoblins
  3 quokkas
  5 bats
  7 frilled lizards
  5 kobolds
  5 rats
59 creatures vanquished.

Notes
Turn   | Place    | Note
-------+----------+-------------------------------------------
     0 | D:1      | vishdafish the Demonspawn Berserker began the quest for the Orb.
     0 | D:1      | Reached XP level 1. HP: 18/18 MP: 1/1
   354 | D:1      | Gained mutation: You have sharp toenails. [demonic ancestry]
   354 | D:1      | Reached XP level 2. HP: 18/24 MP: 2/2
   901 | D:2      | Gained mutation: You regenerate a little health from kills. [demonic ancestry]
   901 | D:2      | Reached XP level 3. HP: 27/29 MP: 3/3
   931 | D:2      | Reached ** piety under Trog
   947 | D:2      | Found a radiant altar of Vehumet.
  1170 | D:2      | Gained mutation: Your natural rate of healing is unusually fast. [potion of mutation]
  1170 | D:2      | Gained mutation: You have a pair of small horns on your head. [potion of mutation]
  1210 | D:2      | Gained mutation: You have razor-sharp toenails. [demonic ancestry]
  1210 | D:2      | Reached XP level 4. HP: 37/37 MP: 4/4
  1703 | D:2      | Slain by an orc

Vault maps used:
D:1:      dpeg_arrival_erosion, minmay_curled_crystal, minmay_hexomino_f4
D:2:      vehumet_crystals, bh_chokoban, minmay_vboxes
D:3:      elyvilon_altar_4, old_standard_altar, portal_sewer_entry_e,
          minmay_door_square

Skill      XL: |  1  2  3 |
---------------+----------+-----
Polearms       | 3 |  3.4
Dodging        | 2 |  2.4
Armour         | 2 |  2.3
Fighting       | |  3.8
Stealth        | |  0.1
Shields        | |  0.5

Action                   |  1- 3 |  4- 6 || total
-------------------------+-------+-------++-------
Melee: Spear             |   127 |    50 ||   177
       Kick              |    13 |    10 ||    23
       Headbutt          |     2 |     6 ||     8
Invok: Berserk           |     3 |     2 ||     5
  Use: Scroll            |     2 |     3 ||     5
       Potion            |     1 |       ||     1
 Stab: Sleeping          |     2 |       ||     2
  Eat: Chunk             |     2 |     4 ||     6
Armor: Animal skin       |    23 |     7 ||    30
Dodge: Dodged            |    61 |    27 ||    88
Block: Buckler           |       |    10 ||    10

Table legend:
 A = Spawn XP
 B = Non-spawn XP
 C = Spawn XP percentage of total XP
 D = Spawn monster count
 E = Non-spawn monster count
 F = Spawn count percentage of total count
 G = Total turns spent on level
                    A         B        C        D         E        F      G
               +---------+---------+-------+---------+---------+-------+---------
         Total |       0 |     149 |   0.0 |       0 |      59 |   0.0 |  1703
               +---------+---------+-------+---------+---------+-------+---------
           D:1 |       0 |      29 |   0.0 |       0 |      17 |   0.0 |   833
           D:2 |       0 |     118 |   0.0 |       0 |      41 |   0.0 |   851
           D:3 |       0 |       2 |   0.0 |       0 |       1 |   0.0 |    19
               +---------+---------+-------+---------+---------+-------+---------
